 Dungeon Crawl Stone Soup version 0.22-a0-858-g985ef60 (webtiles) character file.

9257 Mgcat the Grappler (level 11, -1/102 HPs)
             Began as a Troll Fighter on July 27, 2018.
             Slain by a spatial maelstrom (3 damage)
             ... on level 2 of the Abyss.
             The game lasted 00:32:24 (7033 turns).

Mgcat the Grappler (Troll Fighter)                  Turns: 7033, Time: 00:32:25

Health: -1/102     AC:  7    Str: 27    XL:     11   Next: 20%
Magic:  11/11      EV: 10    Int:  5    God:    Xom [..*...]
Gold:   492        SH: 10    Dex:  8    Spells: 7/10 levels left

rFire    . . .     SeeInvis .     - Unarmed
rCold    . . .     Gourm    +   b - +0 shield
rNeg     . . .     Faith    .   j - +1 robe of Xeapn {rPois}
rPois    +         Spirit   .   c - +1 hat
rElec    .         Reflect  .   n - scarf {repulsion}
rCorr    .         Harm     .   (gloves unavailable)
MR       .....                  (boots unavailable)
Stlth    +.........             (no amulet)
HPRegen  0.67/turn              (no ring)
MPRegen  0.12/turn              (no ring)

@: repel missiles
A: large, unfitting armour, claws 3, blink, clumsy 1, deterioration 1, fast
metabolism 3, gourmand, regeneration 1, shaggy fur 1, tough skin 2
a: Blink, Renounce Religion


You were on level 2 of the Abyss.
You worshipped Xom.
You were a toy of Xom.
You were very full.

You visited 1 branch of the dungeon, and saw 10 of its levels.
You visited the Abyss 1 time.

You collected 564 gold pieces.
You spent 72 gold pieces at shops.

Inventory:

Armour
 a - a +1 robe
 b - a +0 shield (worn)
 c - a +1 hat (worn)
   (You acquired it on level 9 of the Dungeon)
 j - the +1 robe of Xeapn (worn) {rPois}
   (Xom gifted it to you on level 5 of the Dungeon)

   It protects you from poison.
 n - a scarf of repulsion (worn)
   (You found it on level 2 of the Dungeon)
Wands
 h - a wand of disintegration (7)
   (You found it on level 5 of the Dungeon)
 l - a wand of acid (6)
   (You found it on level 5 of the Dungeon)
 o - a wand of flame (1)
   (You took it off Ijyb on level 2 of the Dungeon)
 t - a wand of iceblast (7)
   (You found it on level 9 of the Dungeon)
 y - a wand of digging (13)
   (You found it on level 9 of the Dungeon)
 z - a wand of random effects (36)
   (You found it on level 9 of the Dungeon)
Scrolls
 f - 5 scrolls of enchant weapon
 k - 6 scrolls of amnesia
 r - 2 scrolls of remove curse
 s - 2 scrolls of immolation {!r}
 v - a scroll of fog
Potions
 e - a potion of agility {unknown}
 g - 3 potions of mutation {!q}
 i - a potion of heal wounds
 m - a potion of brilliance
 p - 2 potions of lignification {!q}
 q - 3 potions of magic
 u - 3 potions of flight
 x - a potion of ambrosia
Comestibles
 d - 28 rations


   Skills:
 - Level 5.0 Fighting
 - Level 5.0 Dodging
 - Level 5.0 Shields
 + Level 14.3 Unarmed Combat
 + Level 1.5 Evocations


You had 7 spell levels left.
You knew the following spells:

 Your Spells              Type           Power        Failure   Level  Hunger
a - Regeneration          Chrm/Necr      #.........   98%         3    ####...

Your spell library contained the following spells:

 Spells                   Type           Power        Failure   Level  Hunger
 Magic Dart               Conj           #...         77%         1    ##.....
 Iskenderun's Mystic Bla  Conj           #.......     100%        4    #####..
 Animate Dead             Necr           N/A          100%        4    #####..
 Pain                     Necr           #...         77%         1    ##.....
 Animate Skeleton         Necr           N/A          77%         1    ##.....
 Vampiric Draining        Necr           #.........   98%         3    ####...
 Stone Arrow              Conj/Erth      #.....       98%         3    ####...
 Passwall                 Tmut/Erth      #.......     88%         2    ###....
 Lee's Rapid Deconstruct  Erth           #.........   100%        5    ######.
 Sandblast                Erth           #.....       77%         1    ##.....
 Petrify                  Tmut/Erth      #.......     100%        4    #####..
 Fulminant Prism          Conj/Hex       #.........   100%        4    #####..
 Dazzling Spray           Conj/Hex       #.....       98%         3    ####...
 Force Lance              Conj/Tloc      #.......     100%        4    #####..
 Searing Ray              Conj           #.....       88%         2    ###....


Dungeon Overview and Level Annotations

Branches:
Dungeon (10/15)            Temple (0/1) D:7            Lair (0/6) D:8
    Orc: D:9-12

Altars:
Dithmenos
Elyvilon
Fedhas
Kikubaaqudgha
Makhleb
Nemelex Xobeh
Okawaru
Trog
Uskayaw
Xom
Yredelemnul
Zin
The Shining One

Shops:
D:5 =   D:6 [

Annotations:
D:3 3 runed doors, Meatbag's ghost, amateur DDFi
D:6 2 transporters, lurker's ghost, novice GnFi


Innate Abilities, Weirdness & Mutations

You are too large for most types of armour.
You have claws for hands.
Your metabolism is lightning-fast.
You like to eat raw meat.
Your natural rate of healing is unusually fast.
You are covered in fur. (AC +1)
You have very tough skin. (AC +2)
You can translocate small distances at will.
You are clumsy. (Dex -2)
Your body sometimes deteriorates upon taking damage.


Message History

The ufetubus hits you but does no damage.
You block the ufetubus's attack.
You scratch the ufetubus but do no damage.
The ufetubus barely misses you. The ufetubus closely misses you.
You mangle the ufetubus!!
You kill the ufetubus!
The smoke demon gestures at you. Something smites you!
The smoke demon gestures at you. Something smites you!
* * * LOW HITPOINT WARNING * * *
You mangle the smoke demon!!
The smoke demon is severely wounded.
You barely miss the smoke demon.
The smoke demon is severely wounded.
The smoke demon gestures at you. Something smites you!
* * * LOW HITPOINT WARNING * * *
You completely miss the smoke demon.
The smoke demon is severely wounded.
The smoke demon barely misses you.
The smoke demon hits you but does no damage.
You block the smoke demon's attack.
You claw the smoke demon!
You kill the smoke demon!
The iron imp shouts!
You see here a potion of heal wounds.
i - 2 potions of heal wounds (gained 1)
You feel much better.
A hell hog comes into view.
The hell hog squeals angrily.
Okay, then.
It was a potion of ambrosia.
You are confused.
You feel invigorated.
Xom roars with laughter!
The iron imp lashes its tail.
The hell hog breathes fire at you.
The fireball explodes!
The fireball engulfs you!
The fireball engulfs the hell hog.
The hell hog resists.
You hear a roar!
You hear a screech!
The hell hog bites you. The hell hog bites you! Xom's attention turns to you.
Desperate hands claw out from thin air!
The hell hog bites you!
You're too confused to move!
The hell hog bites you but does no damage.
The worldbinder calls forth creatures from the Vaults! x2
The hell hog bites you!
You closely miss the hell hog.
Xom smirks.
You detect items!
The worldbinder calls forth creatures from the Vaults!
The worldbinder hits you. x2; The hell hog barely misses you.
The worldbinder hits you. The worldbinder misses you.
The vault sentinel blows a loud note on a signal horn!
The worldbinder calls forth creatures from the Vaults!
The ironheart preserver hits you with a morningstar!
You hear a hideous shriek!
You hear a roar!
Something shouts, "Remove thy stench, thou grime-gilt ditch-delivered vulture!"
You barely miss the worldbinder.
You feel less invigorated.
You feel less confused.
The yaktaur shouts!
You hear Xom's avuncular chuckle.
The yaktaur suddenly stops moving!
You are now a toy of Xom.
You block the worldbinder's attack.
The worldbinder hits you but does no damage.
The ironheart preserver closely misses you.
The worldbinder hits you. x2
The yaktaur wields an arbalest.
The yaktaur shoots a bolt.
The bolt hits you!!
* * * LOW HITPOINT WARNING * * *
The bolt disappears in a puff of smoke!
The ironheart preserver barely misses you.
The ironheart preserver mumbles some strange words.
The ironheart preserver begins to accept its allies' injuries.
The worldbinder barely misses you. You block the worldbinder's attack.
The worldbinder hits you.
* * * LOW HITPOINT WARNING * * *
The worldbinder hits you but does no damage.
The yaktaur is no longer paralysed.
The worldbinder misses you.
The worldbinder hits you but does no damage.
You block the yaktaur's attack.
The yaktaur unwields an uncursed arbalest.
You block the yaktaur's attack. You block the vault sentinel's attack.
You block the yaktaur's attack.
The ironheart preserver mumbles some strange words.
The ironheart preserver begins to accept its allies' injuries.
The worldbinder barely misses you. The worldbinder completely misses you.
The yaktaur hits you.
* * * LOW HITPOINT WARNING * * *
The worldbinder calls forth creatures from the Vaults!
The iron imp disappears for a moment.
You block the yaktaur's attack.
The ironheart preserver disappears in a puff of smoke!
The spatial maelstrom barely misses you.
The spatial maelstrom hits you!
* * * LOW HITPOINT WARNING * * *
Space bends around you.
You die...
Xom titters!

#. ... .. ... ..
#. .. ...
#.#§.###... .
#.#§..#.... ...
#..........
..≈..#.#........
#..@v.......
#.##x..#.... #
#c.c###...
#hpp.#....
#.§.......
#x5.......
#.p.......
#..c.#....
#...###...


You could see 2 ironheart preservers, a spatial maelstrom, a vault sentinel, 2
yaktaurs, a worldbinder and an iron imp.

Vanquished Creatures
  Erolcha (D:9)
  Pikel (D:5)
  A cyclops (D:8)
  Joseph (D:8)
  A smoke demon (Abyss:2)
  A rime drake (shapeshifter) (D:8)
  Grinder (D:3)
  A troll (D:10)
  A hippogriff (D:7)
  3 flying skulls (Abyss:2)
  Sigmund (D:4)
  A spriggan (D:7)
  A fire dragon skeleton (Abyss:2)
  A large abomination (Abyss:2)
  4 yaks (D:8)
  2 hungry ghosts
  A basilisk (D:8)
  3 porcupines (D:8)
  An ice beast (D:8)
  2 orc warriors
  An eye of draining (D:8)
  A necrophage (D:10)
  3 ogres
  2 centaurs
  2 crocodiles (D:8)
  A big kobold (D:7)
  3 bullfrogs
  A wyvern skeleton (D:9)
  4 scorpions
  5 electric eels (D:10)
  5 wights (D:5)
  4 howler monkeys
  4 crimson imps
  2 centaur zombies
  A jelly (D:9)
  2 hounds
  3 quasits
  9 orc priests
  10 orc wizards
  Jessica (D:2)
  2 bullfrog skeletons
  4 iguanas
  Ijyb (D:2)
  Natasha (twice) (D:3)
  10 worker ants
  A hound zombie (D:4)
  2 hound skeletons
  A howler monkey skeleton (D:7)
  A worker ant zombie (D:6)
  8 adders
  3 shadow imps
  An ufetubus (Abyss:2)
  2 adder skeletons
  3 worms
  A dart slug (D:4)
  5 leopard geckos
  20 orcs
  A ball python (D:2)
  3 giant cockroaches
  14 goblins
  5 hobgoblins
  16 jackals
  3 quokkas
  10 bats
  4 frilled lizards
  A goblin skeleton (D:6)
  A hobgoblin zombie (D:6)
  5 kobolds
  A kobold skeleton (D:6)
  A kobold zombie (D:6)
  A leopard gecko skeleton (D:4)
  4 orc skeletons (D:6)
  4 orc zombies (D:6)
  5 rats
239 creatures vanquished.

Vanquished Creatures (collateral kills)
  A water moccasin (D:7)
  A necrophage (D:6)
2 creatures vanquished.

Vanquished Creatures (others)
  Natasha (D:3)
  An orc (D:10)
  A quokka (D:7)
  A frilled lizard (D:4)
  A plant (D:8)
5 creatures vanquished.

Grand Total: 246 creatures vanquished

Notes
Turn   | Place    | Note
-------+----------+-------------------------------------------
     0 | D:1      | Mgcat the Troll Fighter began the quest for the Orb.
     0 | D:1      | Reached XP level 1. HP: 22/22 MP: 0/0
    66 | D:1      | Reached XP level 2. HP: 29/29 MP: 1/1
   302 | D:1      | Reached skill level 3 in Unarmed Combat
   459 | D:1      | Reached XP level 3. HP: 35/36 MP: 2/2
   699 | D:2      | Noticed Ijyb
   717 | D:2      | Killed Ijyb
   717 | D:2      | Reached skill level 4 in Unarmed Combat
   762 | D:2      | Reached XP level 4. HP: 44/44 MP: 3/3
   947 | D:2      | Noticed Jessica
   950 | D:2      | Killed Jessica
  1359 | D:2      | Found a shimmering altar of Xom.
  1363 | D:2      | Reached skill level 5 in Unarmed Combat
  1368 | D:2      | Found a sparkling altar of Nemelex Xobeh.
  1376 | D:2      | Became a worshipper of Xom of Chaos
  1514 | D:3      | Noticed Natasha
  1523 | D:3      | XOM: potion effect (invisibility)
  1524 | D:3      | Killed Natasha
  1574 | D:3      | Noticed Natasha
  1577 | D:3      | Killed Natasha
  1577 | D:3      | Reached XP level 5. HP: 50/50 MP: 4/4
  1598 | D:3      | Found a runed gate.
  1598 | D:3      | Found a runed gate.
  1598 | D:3      | Found a runed gate.
  1615 | D:3      | Noticed Grinder
  1623 | D:3      | Killed Grinder
  1623 | D:3      | Reached skill level 6 in Unarmed Combat
  1623 | D:3      | Reached XP level 6. HP: 54/59 MP: 5/5
  1627 | D:3      | Reached skill level 7 in Unarmed Combat
  1630 | D:3      | XOM: confuse monster(s)
  1698 | D:2      | XOM: give mutations
  1698 | D:2      | Gained mutation: You are partially covered in slimy green scales. (AC +2) [Xom's grace]
  1698 | D:2      | Gained mutation: You possess an exceptional clarity of mind. [Xom's grace]
  1784 | D:3      | Found a bloodstained altar of Trog.
  1875 | D:3      | Noticed Meatbag's ghost (amateur DDFi)
  1884 | D:3      | Noticed Natasha
  1908 | D:3      | Killed Natasha
  1908 | D:3      | Reached XP level 7. HP: 59/66 MP: 6/6
  2061 | D:3      | XOM: harmless Tmut miscast
  2091 | D:3      | XOM: god gift: chain mail {god gift}
  2160 | D:4      | Found a shadowy altar of Dithmenos.
  2309 | D:4      | XOM is BORED!
  2309 | D:4      | XOM: give mutations
  2309 | D:4      | Gained mutation: You are clumsy. (Dex -2) [Xom's mischief]
  2309 | D:4      | Lost mutation: You are partially covered in slimy green scales. (AC +2) [Xom's mischief]
  2309 | D:4      | Lost mutation: You possess an exceptional clarity of mind. [Xom's mischief]
  2369 | D:4      | XOM: cast spell 'Summon Hydra'
  2412 | D:4      | Noticed Sigmund
  2418 | D:4      | Killed Sigmund
  2418 | D:4      | Reached skill level 8 in Unarmed Combat
  2698 | D:4      | XOM: cloud trail
  2700 | D:4      | Found a white marble altar of Elyvilon.
  2927 | D:5      | Entered Level 5 of the Dungeon
  2971 | D:5      | Found Myaxkeck's Jewellery Emporium.
  2984 | D:5      | Bought a cursed -2 ring of strength for 24 gold pieces
  2984 | D:5      | Bought a cursed amulet of inaccuracy for 24 gold pieces
  2984 | D:5      | Bought a cursed -2 ring of evasion for 24 gold pieces
  3049 | D:5      | Learned a level 3 spell: Regeneration
  3058 | D:5      | Found a glowing silver altar of Zin.
  3062 | D:5      | Noticed Pikel
  3062 | D:5      | XOM: cast spell 'Necromutation'
  3071 | D:5      | Killed Pikel
  3071 | D:5      | Reached skill level 10 in Unarmed Combat
  3071 | D:5      | Reached XP level 8. HP: 67/74 MP: 7/7
  3092 | D:5      | XOM: harmless Tloc miscast
  3126 | D:5      | Found an iron altar of Okawaru.
  3138 | D:5      | XOM: noise
  3180 | D:5      | XOM: god gift: wizard robe {god gift}
  3187 | D:5      | XOM: cast spell 'Necromutation'
  3193 | D:5      | HP: 15/74 [wight/enchanted short sword (9)]
  3198 | D:5      | HP: 13/74 [wight/enchanted spear (3)]
  3288 | D:5      | Got a wizard robe {god gift}
  3299 | D:5      | Identified the +1 robe of Xeapn {rPois} (Xom gifted it to you on level 5 of the Dungeon)
  3526 | D:5      | Found an iron altar of Okawaru.
  3556 | D:6      | XOM: summons friendly iron imp
  3562 | D:6      | Reached skill level 11 in Unarmed Combat
  3674 | D:6      | Found Roetzug's Armour Shoppe.
  3677 | D:6      | Found a transporter.
  3690 | D:6      | Noticed lurker's ghost (novice GnFi)
  3851 | D:6      | XOM: polymorph jackal -> hobgoblin
  3864 | D:6      | HP: 18/74 [orc warrior/long sword (26)]
  3864 | D:6      | XOM: butterfly on damage
  3865 | D:6      | Reached XP level 9. HP: 20/80 MP: 8/8
  3937 | D:6      | Found a transporter.
  3939 | D:6      | Found a blossoming altar of Fedhas.
  4020 | D:6      | Found a glowing golden altar of the Shining One.
  4200 | D:7      | Reached skill level 12 in Unarmed Combat
  4322 | D:7      | XOM: fog
  4335 | D:7      | XOM: cast spell 'Dispersal'
  4354 | D:7      | Found a staircase to the Ecumenical Temple.
  4384 | D:7      | Noticed a moth of wrath
  4384 | D:7      | XOM: scenery: 1 doors open
  4406 | D:7      | XOM: give mutation
  4406 | D:7      | Gained mutation: You can translocate small distances at will. [Xom's grace]
  4409 | D:7      | Found a bloodstained altar of Trog.
  4511 | D:7      | XOM: summons friendly rust devil
  4611 | D:7      | XOM: god gift: 7 rations
  4736 | D:7      | Reached skill level 13 in Unarmed Combat
  4765 | D:7      | XOM: 4-stop teleportation journey
  4854 | D:8      | Found a basalt altar of Yredelemnul.
  4895 | D:8      | XOM: harmless Fire miscast
  4938 | D:8      | Noticed Joseph
  4939 | D:8      | XOM: scenery: 3 doors open
  4963 | D:8      | Killed Joseph
  5021 | D:8      | Noticed a cyclops
  5045 | D:8      | Killed a cyclops
  5045 | D:8      | Reached skill level 14 in Unarmed Combat
  5045 | D:8      | Reached XP level 10. HP: 39/88 MP: 2/9
  5172 | D:8      | Reached skill level 3 in Fighting
  5173 | D:8      | XOM: scenery: create altars
  5175 | D:8      | Found a staircase to the Lair.
  5175 | D:8      | XOM: 1-stop teleportation journey
  5183 | D:8      | Reached skill level 4 in Fighting
  5185 | D:8      | XOM: polymorph crocodile -> shapeshifter
  5195 | D:8      | Reached skill level 5 in Fighting
  5196 | D:8      | XOM: summons 5 hostile demons
  5197 | D:8      | Noticed a soul eater
  5197 | D:8      | XOM: polymorph iron imp -> white imp
  5201 | D:8      | Reached skill level 3 in Dodging
  5206 | D:8      | XOM: harmless Pois miscast
  5209 | D:8      | HP: 31/144 [porcupine's spines (8)]
  5215 | D:8      | HP: 22/96 [centaur zombie (3)]
  5220 | D:8      | HP: 14/96 [shadow imp[Xom] (2)]
  5340 | D:8      | Found a burning altar of Makhleb.
  5663 | D:8      | XOM: severe Hex miscast
  5665 | D:8      | XOM: severe Ice miscast
  5669 | D:8      | HP: 15/96 [something (14)]
  5784 | D:8      | Reached skill level 4 in Dodging
  5932 | D:8      | Found an ancient bone altar of Kikubaaqudgha.
  6043 | D:9      | XOM: noise
  6044 | D:9      | XOM: enchant monster (bad)
  6072 | D:9      | Noticed a hand axe
  6074 | D:9      | Noticed a hand axe
  6116 | D:9      | Identified a scroll of acquirement
  6131 | D:9      | Found a hide-covered altar of Uskayaw.
  6157 | D:9      | Reached skill level 5 in Dodging
  6267 | D:9      | XOM: mild Conj miscast
  6276 | D:9      | Reached skill level 3 in Shields
  6487 | D:10     | Entered Level 10 of the Dungeon
  6487 | D:10     | Noticed Erolcha
  6492 | D:9      | XOM: cast spell 'Summon Ice Beast'
  6494 | D:9      | Killed Erolcha
  6494 | D:9      | Reached skill level 4 in Shields
  6640 | D:9      | XOM: give mutations
  6640 | D:9      | Gained mutation: You are very clumsy. (Dex -4) [Xom's mischief]
  6640 | D:9      | Gained mutation: Your body sometimes deteriorates upon taking damage. [Xom's mischief]
  6640 | D:9      | Lost mutation: You are very clumsy. (Dex -4) [Xom's mischief]
  6690 | D:10     | Reached XP level 11. HP: 102/102 MP: 10/10
  6794 | D:10     | XOM: 2-stop teleportation journey
  6865 | D:10     | Cast into level 2 of the Abyss (Xom)
  6916 | Abyss:2  | Reached skill level 5 in Shields
  6933 | Abyss:2  | XOM: noise
  6943 | Abyss:2  | XOM: torment (32/102 hp)
  6951 | Abyss:2  | HP: 13/102 [large abomination (21)]
  6952 | Abyss:2  | Reached skill level 1 in Evocations
  6993 | Abyss:2  | HP: 22/102 [smoke demon/divine providence (8)]
  7018 | Abyss:2  | Noticed a hell hog
  7024 | Abyss:2  | XOM: severe Summ miscast
  7026 | Abyss:2  | Noticed an ironheart preserver
  7026 | Abyss:2  | XOM: divination: detect items
  7027 | Abyss:2  | Noticed an ironheart preserver
  7028 | Abyss:2  | XOM: enchant monster (good)
  7029 | Abyss:2  | HP: 13/102 [yaktaur/bolt[the severe capriciousness of Xom] (30)]
  7030 | Abyss:2  | Noticed a spatial maelstrom
  7033 | Abyss:2  | Noticed an ironheart preserver
  7033 | Abyss:2  | HP: 2/102 [spatial maelstrom (9)]
  7033 | Abyss:2  | Slain by a spatial maelstrom

Vault maps used:
D:1:      shiori_shiawase, minmay_tetromino_t2
D:2:      kennysheep_the_goblin_king, minitemple, uniq_jessica
D:3:      gammafunk_ghost_icy, trog_butcher_becter, uniq_grinder, uniq_natasha
D:4:      elyvilon_altar_4, first_ration, minmay_misc_feat_more_columns,
          grunt_decor_mini_mirrors, minmay_misc_feat_nine_boxes, moated_statue,
          nicolae_dithmenos_shadow_blocks, uniq_sigmund
D:5:      lemuel_doored_altar, old_standard_altar, serial_shops,
          nicolae_shop_competitors_out_of_business, mrwooster_statue_mirror,
          kennysheep_okawaru_gauntlet, uniq_pikel
D:6:      kennysheep_mini, nicolae_tso_besieged_by_evil,
          gammafunk_ghost_stat_death, serial_shops, shop_coins
D:7:      temple_fountains, the_bakery, tgw_trog
D:8:      overflow_temple_1_default, marbit_many_paths, lemuel_round_altar,
          minmay_lair_entry_grove, uniq_joseph
D:9:      dancing_weapons_uskayaw
D:10:     serial_bayou, serial_bayou_crossing, serial_bayou_pond_d,
          serial_bayou_shore_b, serial_bayou_lagoon_b, st_stairs_9, hex_large,
          minmay_misc_feat_iff, uniq_erolcha

Skill      XL: |  1  2  3  4  5  6  7  8  9 10 11 |
---------------+----------------------------------+-----
Unarmed Combat | 3 4 5 6 7 10 11 14 | 14.3
Fighting       | 5 |  5.0
Dodging        | 5 |  5.0
Shields        | 4 5 |  5.0
Evocations     | 1 |  1.5

Action                   |  1- 3 |  4- 6 |  7- 9 | 10-12 || total
-------------------------+-------+-------+-------+-------++-------
Melee: Unarmed           |    86 |   106 |   314 |   198 ||   704
Evoke: Wand              |       |       |     2 |    14 ||    16
  Use: Scroll            |       |       |    17 |     4 ||    21
       Potion            |       |       |     2 |     8 ||    10
 Stab: Invisible         |       |       |     3 |       ||     3
  Eat: Chunk             |    13 |    10 |    28 |    35 ||    86
Armor: Robe              |    35 |    46 |    84 |    38 ||   203
       Skin              |       |       |       |    86 ||    86
Dodge: Dodged            |    22 |    43 |    71 |    78 ||   214
       Deflected         |     1 |       |     1 |     2 ||     4
Block: Shield            |    46 |    46 |    89 |    91 ||   272

Table legend:
 A = Spawn XP
 B = Non-spawn XP
 C = Spawn XP percentage of total XP
 D = Spawn monster count
 E = Non-spawn monster count
 F = Spawn count percentage of total count
 G = Total turns spent on level
                    A         B        C        D         E        F      G
               +---------+---------+-------+---------+---------+-------+---------
         Total |    1545 |   11680 |  11.7 |       7 |     235 |   2.9 |  7033
               +---------+---------+-------+---------+---------+-------+---------
           D:1 |       0 |      45 |   0.0 |       0 |      25 |   0.0 |   676
           D:2 |       0 |     119 |   0.0 |       0 |      21 |   0.0 |   792
           D:3 |       0 |     582 |   0.0 |       0 |      24 |   0.0 |   655
           D:4 |       0 |     436 |   0.0 |       0 |      14 |   0.0 |   804
           D:5 |       0 |     936 |   0.0 |       0 |      10 |   0.0 |   623
           D:6 |       0 |     752 |   0.0 |       0 |      39 |   0.0 |   581
           D:7 |       0 |    1533 |   0.0 |       0 |      32 |   0.0 |   672
           D:8 |       0 |    4477 |   0.0 |       0 |      39 |   0.0 |  1232
           D:9 |       0 |    1906 |   0.0 |       0 |      19 |   0.0 |   591
          D:10 |       0 |     894 |   0.0 |       0 |      12 |   0.0 |   239
       Abyss:2 |    1545 |       0 | 100.0 |       7 |       0 | 100.0 |   168
               +---------+---------+-------+---------+---------+-------+---------

Vault maps used:
D:1:      shiori_shiawase, minmay_tetromino_t2
D:2:      kennysheep_the_goblin_king, minitemple, uniq_jessica
D:3:      gammafunk_ghost_icy, trog_butcher_becter, uniq_grinder, uniq_natasha
D:4:      elyvilon_altar_4, first_ration, minmay_misc_feat_more_columns,
          grunt_decor_mini_mirrors, minmay_misc_feat_nine_boxes, moated_statue,
          nicolae_dithmenos_shadow_blocks, uniq_sigmund
D:5:      lemuel_doored_altar, old_standard_altar, serial_shops,
          nicolae_shop_competitors_out_of_business, mrwooster_statue_mirror,
          kennysheep_okawaru_gauntlet, uniq_pikel
D:6:      kennysheep_mini, nicolae_tso_besieged_by_evil,
          gammafunk_ghost_stat_death, serial_shops, shop_coins
D:7:      temple_fountains, the_bakery, tgw_trog
D:8:      overflow_temple_1_default, marbit_many_paths, lemuel_round_altar,
          minmay_lair_entry_grove, uniq_joseph
D:9:      dancing_weapons_uskayaw
D:10:     serial_bayou, serial_bayou_crossing, serial_bayou_pond_d,
          serial_bayou_shore_b, serial_bayou_lagoon_b, st_stairs_9, hex_large,
          minmay_misc_feat_iff, uniq_erolcha

Table legend:
 A = Turns spent in this place as a percentage of turns spent in the entire game.
 B = Non-inter-level travel turns spent in this place as a percentage of non-inter-level travel turns spent in the entire game.
 C = Inter-level travel turns spent in this place as a percentage of turns spent in this place.
 D = Turns resting spent in this place as a percentage of non-inter-level travel turns spent in this place.
 E = Turns spent auto-exploring this place as a percentage of non-inter-level travel turns spent in this place.
 F = Non-inter-level travel turns spent in this place divided by the number of levels of this place that you've seen.
                   A       B       C       D       E      F
               +-------+-------+-------+-------+-------+----------------------
         Total | 100.0 | 100.0 |   3.8 |   2.0 |  74.1 | 615.0
       Dungeon |  97.6 |  97.5 |   3.9 |   2.0 |  76.0 | 659.7
         Abyss |   2.4 |   2.5 |   0.0 |   0.0 |   0.0 | 168.0
               +-------+-------+-------+-------+-------+----------------------

Table legend:
 A = Kills in this place as a percentage of kills in entire the game.
 B = Kills by you in this place as a percentage of kills by you in the entire game.
 C = Kills by friends in this place as a percentage of kills by friends in the entire game.
 D = Other kills in this place as a percentage of other kills in the entire game.
 E = Experience gained in this place as a percentage of experience gained in the entire game.
 F = Experience gained in this place divided by the number of levels of this place that you have seen.
                   A       B       C       D       E      F
               +-------+-------+-------+-------+-------+----------------------
         Total | 100.0 | 100.0 | 100.0 | 100.0 | 100.0 | 1202.3
       Dungeon |  97.1 |  97.1 | 100.0 | 100.0 |  88.3 | 1168.0
         Abyss |   2.9 |   2.9 |   0.0 |   0.0 |  11.7 | 1545.0
               +-------+-------+-------+-------+-------+----------------------
